 Dungeon Crawl Stone Soup version 0.29-a0-1052-g6990b1bffc (webtiles) character file.

Game seed: 17514088753230671200

273 slphil the Magician (level 6, -16/46 HPs)
             Began as a Djinni Fire Elementalist on Aug 17, 2022.
             Was an Initiate of Ashenzari.
             Demolished by an orc warrior
             ... wielding a +0 dire flail
              (18 damage)
             ... on level 4 of the Dungeon.
             The game lasted 00:08:46 (2438 turns).

slphil the Magician (Djinni Fire Elementalist)      Turns: 2438, Time: 00:08:47

Health: -16/46     AC:  3    Str:  7    XL:     6   Next: 48%
Gold:   152        EV: 12    Int: 18    God:    Ashenzari [......] SH:  0 Dex: 14

rFire   + + .      SeeInvis .   c - +2 short sword (elec)
rCold   x . .      Faith    .   (no shield)
rNeg    + . .      Spirit   .   s - +1 robe of the Profound God {Will+, Melee, Self} (curse)
rPois   ∞          Reflect  .   (no helmet)
rElec   .          Harm     .   (no cloak)
rCorr   .          Rampage  .   (no gloves)
Will    .....                   (boots unavailable)
Stlth   ++........              i - amulet of regeneration
HPRegen 0.95/turn               q - ring of positive energy
MPRegen 0.00/turn               (no ring)

@: weak-willed, flying, very slightly contaminated
A: sickness immunity, fire resistance 2, cold vulnerability 1, float, innate
caster, HP casting, extra vitality 1
a: Renounce Religion, Shatter the Chains


You were on level 4 of the Dungeon.
You worshipped Ashenzari.
Ashenzari was noncommittal.
You visited 1 branch of the dungeon, and saw 4 of its levels.

You collected 152 gold pieces.

Inventory:

Hand Weapons
 b - a +0 rapier of venom
 c - a +2 short sword of electrocution (weapon)
Armour
 a - a +0 robe
 s - the cursed +1 robe of the Profound God (worn) {Will+, Melee, Self}
   (You found it on level 3 of the Dungeon)

   Will:      It increases your willpower.
   It has a curse which improves the following skills: Melee Combat: Short
   Blades, Long Blades, Axes, Maces & Flails, Polearms, Staves and Unarmed
   Combat.
   Introspection: Fighting and Spellcasting.
Jewellery
 i - an amulet of regeneration (around neck)
 q - a ring of positive energy (left hand)
Wands
 p - a wand of roots (5)
 u - a wand of digging (3)
Scrolls
 d - 3 scrolls of identify
 f - 2 scrolls of noise
 l - a scroll of amnesia {unknown}
 m - a scroll of vulnerability
 n - a scroll of fear {unknown}
 t - a scroll of teleportation {unknown}
 v - a scroll of immolation {unknown}
Potions
 g - a potion of berserk rage {unknown}
 j - a potion of brilliance {unknown}
 k - a potion of resistance {unknown}
 o - a potion of lignification {unknown}
 r - 2 potions of magic {unknown}
 w - a potion of heal wounds {unknown}


   Skills:
 + Level 2.8(3.2) Fighting
 - Level 2.1 Dodging
 - Level 1.5 Stealth
 + Level 4.6(5.1) Spellcasting


You couldn't memorise any spells.
You knew the following spells:

 Your Spells              Type           Power      Damage    Failure   Level
a - Foxfire               Conj/Fire      92%        2x1d8     1%          1
b - Scorch                Fire           46%        2d7       2%          2
c - Conjure Flame         Conj/Fire      23%        6-21      4%          3
d - Inner Flame           Hex/Fire       23%        N/A       4%          3
e - Flame Wave            Conj/Fire      23%        2d8       16%         4
f - Freeze                Ice            92%        1d10      1%          1
g - Call Imp              Summ           23%        N/A       2%          2
Your spell library was empty.

Dungeon Overview and Level Annotations

Branches:
Dungeon (4/15)
 Temple: D:4-7

Altars:
Ashenzari


Innate Abilities, Weirdness & Mutations

You are immune to sickness and miasma.
You are immune to poison.
Your flesh is very heat resistant. (rF++)
You are vulnerable to cold. (rC-)
You float through the air rather than walking.
You learn spells naturally, not from books.
Your magical power is your life essence.
You have superior vitality. (+4 MHP)


Message History

Unknown command.
Casting: Scorch (safe; 2% risk of failure)
Confirm with . or Enter, or press ? or * to list all spells.
Okay, then.
Okay, then.
Casting: Scorch (safe; 2% risk of failure)
Confirm with . or Enter, or press ? or * to list all spells.
You miscast Scorch.
You are very lightly contaminated with residual magic.
Nothing appears to happen.
The orc warrior hits you with a +0 dire flail.
Unknown command.
As you read the scroll labelled OCSEMY YDWIWAE, it crumbles to dust.
It is a scroll of identify.
f - 2 scrolls of noise The orc warrior hits you with a +0 dire flail!
* * * LOW HITPOINT WARNING * * *
Unknown command.
As you read the scroll labelled SIRUIH KAFA, it crumbles to dust.
Magic quickly surges around you.
It was a scroll of vulnerability.
The orc warrior hits you with a +0 dire flail.
* * * LOW HITPOINT WARNING * * *
Unknown command.
As you read the scroll labelled DUWOGI GEYDUFI, it crumbles to dust.
It is a scroll of brand weapon.
Your +0 rapier drips with poison.
b - a +0 rapier of venom The orc misses you.
The orc warrior closely misses you. The orc barely misses you.
As you read the scroll labelled PIYXAI AGEITY, it crumbles to dust.
You hear the tinkle of a tiny bell.
It was a scroll of butterflies.
The orc hits you with a +0 club.
* * * LOW HITPOINT WARNING * * *
The orc hits you but does no damage. The orc closely misses your butterfly.
The orc hits your butterfly with a +0 hand axe.
Your butterfly dies!
Your butterfly disappears in a burst of colours!
The orc completely misses your butterfly.
The orc warrior hits you with a +0 dire flail!!
You die...

.##<##.# ..... #..# #..#
#†.# ########..##
........bbb# ########oob#
#o@b#### #bbbb..######.
################bb##........
#.................#########.
#.##############.....#
.....# ## #####.# ####.##..
# #..... #.##.#


You could see an orc warrior (weak-willed, ally target) and 2 orcs.

Vanquished Creatures
  A hound (D:4)
  An iguana (D:4)
  Natasha (thrice) (D:2)
  Robin (D:3)
  3 adders
  A white imp (D:3)
  4 dart slugs
  6 orcs (D:3)
  8 ball pythons
  7 bats
  3 endoplasms
  3 giant cockroaches
  13 goblins
  8 hobgoblins
  3 quokkas
  4 frilled lizards
  9 kobolds
  7 rats
85 creatures vanquished.

Vanquished Creatures (others)
  179 foxfires
  2 plants (D:1)
181 creatures vanquished.

Grand Total: 266 creatures vanquished

Notes
Turn   | Place    | Note
-------+----------+-------------------------------------------
     0 | D:1      | slphil the Djinni Fire Elementalist began the quest for the
                  | Orb.
     0 | D:1      | slphil set off with the following spells memorised:
                  | Foxfire, Scorch, Conjure Flame, Inner Flame, Flame Wave.
     0 | D:1      | Reached XP level 1. HP: 15/15 MP: 0/0
   131 | D:1      | Reached XP level 2. HP: 18/22 MP: 0/0
   458 | D:1      | Reached skill level 3 in Spellcasting
   465 | D:1      | Reached skill level 1 in Fighting
   465 | D:1      | Reached XP level 3. HP: 18/27 MP: 0/0
   465 | D:1      | Learned a level 1 spell: Freeze
   885 | D:1      | Found a faded altar of an unknown god.
  1043 | D:2      | Noticed Natasha
  1048 | D:2      | Killed Natasha
  1049 | D:2      | Reached XP level 4. HP: 27/32 MP: 0/0
  1416 | D:2      | Noticed Natasha
  1419 | D:2      | Killed Natasha
  1420 | D:2      | Reached XP level 5. HP: 36/38 MP: 0/0
  1420 | D:2      | Learned a level 2 spell: Call Imp
  1433 | D:2      | Noticed Natasha
  1438 | D:2      | Killed Natasha
  1439 | D:2      | Reached skill level 4 in Spellcasting
  1593 | D:3      | Found a broken altar of Ashenzari.
  1597 | D:3      | Saw a vision of the Swamp and the Spider Nest.
  1597 | D:3      | Noticed a steelbarb worm
  1597 | D:3      | Noticed a spriggan druid
  1597 | D:3      | Noticed a torpor snail
  1597 | D:3      | Noticed a vampire mosquito
  1597 | D:3      | Noticed an entropy weaver
  1597 | D:3      | Noticed an entropy weaver
  1597 | D:3      | Noticed a wolf spider
  1597 | D:3      | Noticed a tyrant leech
  1597 | D:3      | Noticed a bog body
  1597 | D:3      | Noticed a tarantella
  1597 | D:3      | Noticed a vampire mosquito
  1597 | D:3      | Noticed an emperor scorpion
  1597 | D:3      | Noticed a spriggan rider
  1597 | D:3      | Noticed a tyrant leech
  1597 | D:3      | Noticed a pharaoh ant
  1597 | D:3      | Noticed a tyrant leech
  1598 | D:3      | Noticed a wolf spider
  1598 | D:3      | Noticed a torpor snail
  1598 | D:3      | Noticed a redback
  1598 | D:3      | Noticed a demonic crawler
  1599 | D:3      | Noticed a jumping spider
  1599 | D:3      | Noticed a radroach
  1601 | D:3      | Noticed a jumping spider
  1601 | D:3      | Noticed a radroach
  1725 | D:3      | Became a worshipper of Ashenzari the Shackled
  1843 | D:3      | Identified the +1 robe of Kisumm {Will+}
  1972 | D:3      | Noticed Robin
  1977 | D:3      | Killed Robin
  1980 | D:3      | Reached XP level 6. HP: 26/43 MP: 0/0
  2420 | D:4      | Noticed an orc warrior
  2436 | D:4      | HP: 2/46 [orc warrior/+0 dire flail (5)]
  2438 | D:4      | Demolished by an orc warrior

Illustrated notes

Levels and vault maps discovered:
D:1:      dpeg_arrival_pond, layout_rooms, shapermc_ecumenical_altar_petra
D:2:      layout_rooms, minmay_misc_feat_columns, minmay_heptomino_o4,
          uniq_natasha
D:3:      layout_loops_ring, grunt_ashenzari_visionary
          [grunt_ashenzari_visionary_swamp, grunt_ashenzari_visionary_spider],
          uniq_robin
D:4:      layout_loops_ring, hangedman_decor_growths

Skill      XL: |  1  2  3  4  5 |
---------------+----------------+-----
Spellcasting   | 3 4 |  4.6
Fighting       | 1 2 |  2.8
Dodging        | |  2.1
Stealth        | |  1.5

Action                   |  1- 3 |  4- 6 || total
-------------------------+-------+-------++-------
Melee: Short sword       |     8 |    19 ||    27
 Cast: Foxfire           |    44 |    63 ||   107
       Scorch            |     1 |    13 ||    14
       Flame Wave        |       |     1 ||     1
Invok: Curse Item        |       |     1 ||     1
  Use: Scroll            |       |     4 ||     4
 Stab: Sleeping          |     1 |       ||     1
Armor: Robe              |     2 |     8 ||    10
Dodge: Dodged            |     3 |    13 ||    16

Table legend: (Time is in decaauts)
 A = Elapsed time spent in this place.
 B = Non-inter-level travel time spent in this place.
 C = Inter-level travel time spent in this place.
 D = Time resting spent in this place.
 E = Time spent auto-exploring this place.
 F = Levels seen in this place.
 G = Mean time per level.
                   A        B        C        D        E       F      G
               +--------+--------+--------+--------+--------+-----+--------+
         Total |   2438 |   2341 |     97 |     10 |   1909 |   4 |  609.5 |
       Dungeon |   2438 |   2341 |     97 |     10 |   1909 |   4 |  609.5 |
               +--------+--------+--------+--------+--------+-----+--------+

Top non-repeatable levels by time:
     D:1: 911 daAuts
     D:3: 724 daAuts
     D:2: 656 daAuts
     D:4: 144 daAuts
